 Dungeon Crawl Stone Soup version 0.20-a0-899-g09a9bfb (webtiles) character file.

462 4thArraOfDagon the Ruffian (level 6, 0/53 HPs)
             Began as a Troll Necromancer on Mar 18, 2017.
             Was an Initiate of Cheibriados.
             Slain by a leopard gecko (5 damage)
             ... on level 4 of the Dungeon.
             The game lasted 00:03:41 (724 turns).

4thArraOfDagon the Ruffian (Troll Necromancer)       Turns: 724, Time: 00:03:42

Health: 0/53       AC:  5    Str: 18    XL:     6   Next: 79%
Magic:  6/6        EV: 10    Int: 14    God:    Cheibriados [......]
Gold:   47         SH:  0    Dex: 11    Spells: 6/7 levels left

rFire    . . .     SeeInvis .     - Unarmed
rCold    . . .     Gourm    +   a - +0 robe
rNeg     . . .     Faith    .   (no shield)
rPois    .         Spirit   .   (helmet restricted)
rElec    .         Reflect  .   (no cloak)
rCorr    .         Harm     .   (gloves unavailable)
MR       .....                  (boots unavailable)
Stlth    +.........             (no amulet)
Regen    0.6/turn               (no ring)
MPRegen  0.1/turn               (no ring)

@: exhausted, slowed, very slow
A: unfitting armour, claws 3, fast metabolism 3, gourmand, regeneration 1,
shaggy fur 1, tough skin 2
a: Bend Time, Renounce Religion


You were on level 4 of the Dungeon.
You worshipped Cheibriados.
Cheibriados was noncommittal.
You were not hungry.

You visited 2 branches of the dungeon, and saw 6 of its levels.

You collected 47 gold pieces.

Inventory:

Armour
 a - a +0 robe (worn)
Scrolls
 d - a scroll of remove curse {unknown}
 e - a scroll of identify {unknown}
 g - a scroll of fear {unknown}
Books
 b - a book of Necromancy

   Spells                             Type                      Level
   a - Pain                           Necromancy                   1
   b - Animate Skeleton               Necromancy                   1
   c - Vampiric Draining              Necromancy                   3
   d - Regeneration                   Charms/Necromancy            3
   e - Animate Dead                   Necromancy                   4
   f - Control Undead                 Necromancy                   4
Comestibles
 c - 2 bread rations
 f - a meat ration


   Skills:
 - Level 1.5 Dodging
 - Level 1.0 Stealth
 * Level 7.0 Unarmed Combat
 - Level 1.2 Spellcasting
 - Level 3.2 Necromancy


You had 6 spell levels left.
You knew the following spells:

 Your Spells              Type           Power        Failure   Level  Hunger
a - Pain                  Necr           ##..         10%         1    ##.....


Dungeon Overview and Level Annotations

Branches:
Dungeon (5/15)             Temple (1/1) D:5

Altars:
Cheibriados
Fedhas
Hepliaklqana
Ru
Wu Jian
Xom
Yredelemnul
The Shining One


Innate Abilities, Weirdness & Mutations

You are too large for most types of armour.
You have claws for hands.
Your metabolism is lightning-fast.
You like to eat raw meat.
Your natural rate of healing is unusually fast.
You are covered in fur. (AC +1)
You have very tough skin. (AC +2)


Message History

You feel clever.
You feel stronger.
Unknown command.
You completely miss the orc. The orc hits you with a flail.
* * * LOW HITPOINT WARNING * * *
You closely miss the orc. The orc hits you with a flail!
* * * LOW HITPOINT WARNING * * *
The orc barely misses you.
You closely miss the orc. The orc barely misses you.
Unknown command.
You mangle the orc!!
You kill the orc!
Cheibriados appreciates the change of pace.
The leopard gecko hisses menacingly.
The leopard gecko bites you but does no damage.
Unknown command.
The leopard gecko barely misses you.
Unknown command.
You closely miss the leopard gecko. The leopard gecko barely misses you.
An orc opens the door.
The leopard gecko bites you.
You die...

#......
....#.#.............
#####.#
######.#.............
. ... ..#.............
# #..
########......### ...
# ......'.........
#'.#.########......###
#...#................
#....###.......#.###
#orl@.......#.#
#.###.........# #.#
..........#
#.##..........#
#.##.##'####..# #.##.
o. ... ..##. .. ....
..##. ..o ..W.


You could see an orc wizard (wandering), 2 orcs, a leopard gecko and a rat.

Vanquished Creatures
  The ghost of 4thArraOfDagon the Bolt Thrower, an amateur DgWn (D:4)
  A hungry ghost (D:3)
  An orc priest (D:4)
  An orc wizard (D:4)
  2 worker ants
  An adder (D:4)
  An adder skeleton (D:5)
  A worm (D:2)
  A leopard gecko (D:4)
  An orc (D:4)
  5 bats
  2 goblins (D:3)
  4 jackals (D:4)
  A quokka (D:4)
  2 kobolds
  A leopard gecko skeleton (D:4)
26 creatures vanquished.

Notes
Turn   | Place    | Note
-------+----------+-------------------------------------------
     0 | D:1      | 4thArraOfDagon the Troll Necromancer began the quest for the Orb.
     0 | D:1      | Reached XP level 1. HP: 16/16 MP: 1/1
   147 | D:2      | Reached skill level 1 in Unarmed Combat
   187 | D:2      | Reached XP level 2. HP: 24/24 MP: 2/2
   243 | D:3      | Noticed a hungry ghost
   256 | D:3      | Killed a hungry ghost
   256 | D:3      | Reached skill level 4 in Unarmed Combat
   256 | D:3      | Reached XP level 3. HP: 28/31 MP: 3/3
   256 | D:3      | Reached XP level 4. HP: 36/39 MP: 4/4
   256 | D:3      | Reached XP level 5. HP: 41/45 MP: 5/5
   327 | D:4      | Reached skill level 5 in Unarmed Combat
   372 | D:4      | Noticed 4thArraOfDagon's ghost (amateur DgWn)
   491 | D:5      | Entered Level 5 of the Dungeon
   491 | D:5      | Found a staircase to the Ecumenical Temple.
   500 | Temple   | Entered the Ecumenical Temple
   566 | Temple   | Became a worshipper of Cheibriados the Contemplative
   718 | D:4      | Killed 4thArraOfDagon's ghost
   718 | D:4      | Reached skill level 7 in Unarmed Combat
   718 | D:4      | Reached XP level 6. HP: 13/53 MP: 6/6
   720 | D:4      | HP: 2/53 [orc/flail (10)]
   724 | D:4      | Slain by a leopard gecko

Vault maps used:
D:1:      minmay_arrival_four_houses, minmay_misc_feat_roman,
          minmay_misc_feat_square, minmay_misc_feat_four_crosses, hex_medium,
          minmay_gold_behind_fungi, kennysheep_doodads,
          hangedman_abyss_or_decor_lesser_grid
D:2:      chequers_temple_overflow_minitemple, nemelex_altar_shiori,
          uniq_crazy_yiuf_cottage
D:3:      kb_forest_paths, nicolae_underground_beach, uniq_sigmund
D:4:      gup_sewer_entry_bowl
D:5:      lemuel_coloured_pillars_altar, nicolae_overflow_crystal_walls,
          minmay_temple_entry_large_hall, basic_altar, first_bread, uniq_pikel,
          uniq_duvessa, uniq_edmund
Temple:   nicolae_temple_figure_eight

Skill      XL: |  1  2  3  4  5 |
---------------+----------------+-----
Unarmed Combat | 1 4 7 |  7.0
Dodging        | |  1.5
Stealth        | |  1.0
Spellcasting   | |  1.2
Necromancy     | |  3.2

Action                   |  1- 3 |  4- 6 || total
-------------------------+-------+-------++-------
Melee: Unarmed           |    38 |    69 ||   107
       Punch             |       |     1 ||     1
Throw: Tomahawk          |     3 |       ||     3
  Use: Potion            |       |     2 ||     2
 Stab: Sleeping          |     1 |     1 ||     2
  Eat: Chunk             |     6 |     3 ||     9
       Meat ration       |       |     1 ||     1
Armor: Robe              |    26 |    20 ||    46
Dodge: Dodged            |    30 |    24 ||    54
